 Dungeon Crawl Stone Soup version 0.19-a0-1065-gdac414d (webtiles) character file.

7179 4thArraOfDagon the Brawler (level 10, -24/92 HPs)
             Began as a Troll Air Elementalist on Aug 3, 2016.
             Was a Priest of Dithmenos.
             Annihilated by an ettin
             ... wielding a +0 dire flail
              (40 damage)
             ... on level 1 of the Orcish Mines.
             The game lasted 00:23:59 (4272 turns).

4thArraOfDagon the Brawler (Troll Air Elementalist) Turns: 4272, Time: 00:24:00

Health: -24/92     AC: 10    Str: 18    XL:     10   Next: 86%
Magic:  10/10      EV: 10    Int: 14    God:    Dithmenos [***...]
Gold:   995        SH:  0    Dex: 10    Spells: 3 memorised, 6 levels left

rFire  + . .     SeeInvis .       - Unarmed
rCold  . . .     Gourm    +     H - +2 robe {rF+}
rNeg   . . .     Faith    .     (no shield)
rPois  +         Spirit   .     (helmet restricted)
rElec  .         Dismiss  .     o - +2 cloak {rPois}
rCorr  .         Reflect  .     (gloves unavailable)
SustAt .         Harm     +     (boots unavailable)
MR     .....                    u - amulet of harm
Stlth  ++........               t - ring of poison resistance
                                m - ring of wizardry

@: very slightly contaminated, wreathed by umbra, repel missiles
A: unfitting armour, claws 3, fast metabolism 3, gourmand, regeneration 2,
shaggy fur 1, tough skin 2
a: Shadow Step, Renounce Religion


You were on level 1 of the Orcish Mines.
You worshipped Dithmenos.
Dithmenos was most pleased with you.
You were full.

You visited 3 branches of the dungeon, and saw 15 of its levels.

You collected 1195 gold pieces.
You spent 200 gold pieces at shops.

Inventory:

Hand Weapons
 l - a +0 giant spiked club
 n - a +0 blowgun
Missiles
 j - a poisoned tomahawk (quivered)
Armour
 a - a +0 robe
 o - a +2 cloak of poison resistance (worn)
 s - a +1 cloak
 H - a +2 robe of fire resistance (worn)
Jewellery
 m - a ring of wizardry (left claw)
 t - a ring of poison resistance (right claw)
 u - an amulet of harm (around neck)
 y - an uncursed amulet of faith
Wands
 i - a wand of disintegration (0/24)
 x - a wand of digging (2/24)
 G - a wand of teleportation (0/9)
Scrolls
 d - 4 scrolls of remove curse
 e - a scroll of amnesia
 g - a scroll of holy word {unknown}
 w - a scroll of random uselessness {unknown}
 z - a scroll of immolation {unknown}
 B - a scroll of enchant armour {unknown}
 C - a scroll of recharging {unknown}
 D - a scroll of identify
 E - a scroll of fog {unknown}
 F - a scroll of enchant weapon {unknown}
Potions
 v - a potion of berserk rage {unknown}
 A - a potion of magic {unknown}
Books
 b - a book of Air

   Spells                             Type                      Level
   a - Shock                          Conjuration/Air              1
   b - Swiftness                      Charms/Air                   2
   c - Repel Missiles                 Charms/Air                   2
   d - Static Discharge               Conjuration/Air              3
   e - Lightning Bolt                 Conjuration/Air              5
Comestibles
 c - 3 bread rations


   Skills:
 + Level 3.7 Fighting
 - Level 1.5 Dodging
 - Level 1.1 Stealth
 - Level 15.1 Unarmed Combat
 - Level 1.2 Spellcasting
 - Level 0.6 Conjurations
 - Level 2.0 Air Magic


You had 6 spell levels left.
You knew the following spells:

 Your Spells              Type           Power        Failure   Level  Hunger
a - Shock                 Conj/Air       #...         7%          1    ##.....
b - Repel Missiles        Chrm/Air       #.....       12%         2    ###....
c - Swiftness             Chrm/Air       #.......     12%         2    ###....


Dungeon Overview and Level Annotations

Branches:
Dungeon (12/15)            Temple (1/1) D:4             Orc (2/2) D:11
    Elf (0/3) Orc:2
   Lair: D:8-11

Altars:
Cheibriados
Dithmenos
Elyvilon
Gozag
Hepliaklqana
Kikubaaqudgha
Makhleb
Okawaru
Pakellas
Qazlal
Ru
Trog
Uskayaw
Vehumet
Xom
Zin
The Shining One

Shops:
D:7 =   Orc:2 [

Portals:
Trove: D:12 (give wand of hasting (9))

Annotations:
D:5 Eustachio
D:6 Dowan; Prince Ribbit
D:7 exclusion: upstairs
D:8 4thArraOfDagon's ghost, novice TrAE; Joseph


Innate Abilities, Weirdness & Mutations

You are too large for most types of armour.
You have claws for hands.
Your metabolism is lightning-fast.
You like to eat raw meat.
You heal very quickly.
You are covered in fur. (AC +1)
You have very tough skin. (AC +2)


Message History

Zapping:
i - a wand of disintegration (1/24)
Press: ? - help, Shift-Dir - straight line, f/p - ettin
Aim: an ettin, wielding two dire flails (heavily wounded, umbra, chance to defeat MR: 48%)
The ettin is blasted.
This wand has 0 charges left.
Throwing (i - inventory):
j - 3 poisoned tomahawks (quivered)
Press: ? - help, Shift-Dir - straight line, f/p - ettin
Aim: an ettin, wielding two dire flails (severely wounded, umbra)
You throw a poisoned tomahawk. The poisoned tomahawk hits the ettin.
The ettin is poisoned.
The ettin is severely wounded.
Throwing (i - inventory):
j - 2 poisoned tomahawks (quivered)
Press: ? - help, Shift-Dir - straight line, f/p - ettin
Aim: an ettin, wielding two dire flails (severely wounded, poisoned, umbra)
You throw a poisoned tomahawk. The poisoned tomahawk hits the ettin.
The ettin looks as sick as possible!
The ettin is severely wounded.
The ettin hits you with a dire flail!
* * * LOW HITPOINT WARNING * * *
The ettin hits you with a dire flail!!
You die...

###..........##....#......##
##.......#####..)[.......#
##.#....#####........#...####
##...##...###.(............#.##
#..........###[....#..........#
##.#........#...(...##.......#
###<....#....)..............#
##.#.........>..C...#.......##
#...............@............#
##....#...............#.....##
#......................#....#
........#...............##.##
#.......##...........#.## ##
###.#..##..........#####
########.......### #.......##
##........#


You could see an ettin.

Vanquished Creatures
  An ugly thing (D:11)
  A hill giant (D:11)
  An orc knight (Orc:2)
  2 manticores
  Maurice (Orc:1)
  A gargoyle (D:11)
  Grinder (D:6)
  A two-headed ogre (D:11)
  A hungry ghost (D:10)
  An ice beast (D:11)
  A phantom (D:7)
  11 orc warriors
  A black bear (D:11)
  2 centaurs
  4 ogres
  2 big kobolds
  2 giant frogs
  Blork the orc (D:5)
  A wyvern skeleton (D:8)
  2 scorpions
  9 wights
  A howler monkey (D:11)
  4 crimson imps
  2 giant frog zombies
  3 jellies
  6 orc priests
  Ijyb (D:2)
  5 hounds
  A giant frog skeleton (D:10)
  An iguana (D:10)
  8 orc wizards
  6 worker ants
  A killer bee zombie (D:7)
  A hound zombie (D:7)
  2 hound skeletons
  2 worker ant zombies
  8 adders
  A gnoll (D:7)
  2 shadow imps
  An ooze (D:4)
  A dart slug (D:2)
  3 giant geckos
  37 orcs
  3 bats
  A giant cockroach (D:2)
  3 hobgoblins (D:2)
  6 jackals
  3 quokkas
  A ball python (D:5)
  A giant gecko skeleton (D:7)
  A giant newt (D:2)
  13 kobolds
  3 rats
179 creatures vanquished.

Vanquished Creatures (others)
  6 fungi (D:8)
6 creatures vanquished.

Grand Total: 185 creatures vanquished

Notes
Turn   | Place    | Note
-------+----------+-------------------------------------------
     0 | D:1      | 4thArraOfDagon the Troll Air Elementalist began the quest for the Orb.
     0 | D:1      | Reached XP level 1. HP: 16/16 MP: 1/1
    30 | D:2      | Reached skill level 1 in Unarmed Combat
    40 | D:2      | Reached XP level 2. HP: 23/24 MP: 2/2
    57 | D:2      | Found a sacrificial altar of Ru.
    65 | D:2      | Became a worshipper of Ru the Awakened
   135 | D:3      | Reached skill level 2 in Unarmed Combat
   179 | D:2      | Noticed Ijyb
   200 | D:2      | Killed Ijyb
   200 | D:2      | Reached skill level 3 in Unarmed Combat
   200 | D:2      | Reached XP level 3. HP: 22/31 MP: 3/3
   318 | D:4      | :(
   334 | D:4      | Found a staircase to the Ecumenical Temple.
   351 | Temple   | Entered the Ecumenical Temple
   379 | Temple   | :(
   381 | Temple   | Fell from the grace of Ru
   381 | Temple   | Became a worshipper of Dithmenos the Shadowed
   417 | D:4      | Reached XP level 4. HP: 38/39 MP: 4/4
   478 | D:5      | Entered Level 5 of the Dungeon
   620 | D:5      | Reached skill level 4 in Unarmed Combat
   629 | D:5      | Noticed Blork the orc
   649 | D:5      | Killed Blork the orc
   649 | D:5      | Reached skill level 5 in Unarmed Combat
   649 | D:5      | Reached XP level 5. HP: 29/45 MP: 5/5
   691 | D:5      | Found a hazy altar of Hepliaklqana.
   704 | D:5      | Noticed a water moccasin
   752 | D:6      | Noticed Prince Ribbit
   824 | D:6      | Noticed Dowan
   922 | D:5      | Noticed Eustachio
   998 | D:7      | Noticed an ogre
  1011 | D:7      | Killed an ogre
  1011 | D:7      | Reached skill level 6 in Unarmed Combat
  1011 | D:7      | Reached XP level 6. HP: 30/53 MP: 6/6
  1092 | D:7      | Learned a level 2 spell: Repel Missiles
  1096 | D:7      | Learned a level 2 spell: Swiftness
  1202 | D:7      | Reached skill level 7 in Unarmed Combat
  1234 | D:7      | Reached XP level 7. HP: 28/59 MP: 7/7
  1272 | D:8      | Reached * piety under Dithmenos
  1272 | D:8      | Reached skill level 8 in Unarmed Combat
  1310 | D:8      | Noticed Joseph
  1461 | D:8      | Noticed 4thArraOfDagon's ghost (novice TrAE)
  1522 | D:7      | Found Baipiy's Jewellery Boutique.
  1626 | D:7      | Reached skill level 9 in Unarmed Combat
  1703 | D:7      | Reached XP level 8. HP: 66/67 MP: 8/8
  1760 | D:7      | Bought an uncursed ring of poison resistance for 200 gold pieces
  1806 | D:6      | Noticed Grinder
  1830 | D:6      | Killed Grinder
  1830 | D:6      | Reached skill level 10 in Unarmed Combat
  1837 | D:6      | Found a burning altar of Makhleb.
  1838 | D:6      | Found a radiant altar of Vehumet.
  1991 | D:7      | Found an iron altar of Okawaru.
  1992 | D:7      | Found a bloodstained altar of Trog.
  2015 | D:8      | Found a snail-covered altar of Cheibriados.
  2187 | D:9      | Found a snail-covered altar of Cheibriados.
  2229 | D:9      | Found a white marble altar of Elyvilon.
  2302 | D:9      | Noticed a troll
  2340 | D:10     | Entered Level 10 of the Dungeon
  2393 | D:10     | Reached ** piety under Dithmenos
  2393 | D:10     | Reached skill level 11 in Unarmed Combat
  2448 | D:10     | Noticed a manticore
  2469 | D:10     | Killed a manticore
  2469 | D:10     | Reached XP level 9. HP: 74/74 MP: 9/9
  2504 | D:10     | Reached skill level 12 in Unarmed Combat
  2774 | D:12     | Found a portal to a secret trove of treasure.
  2997 | D:10     | Noticed a hill giant
  3099 | D:11     | Noticed a purple ugly thing
  3106 | D:11     | Killed a purple ugly thing
  3106 | D:11     | Reached skill level 13 in Unarmed Combat
  3286 | D:11     | Found a staircase to the Orcish Mines.
  3305 | D:11     | Noticed a manticore
  3325 | D:11     | Killed a manticore
  3325 | D:11     | Reached skill level 14 in Unarmed Combat
  3325 | D:11     | Reached XP level 10. HP: 26/81 MP: 10/10
  3382 | D:11     | Noticed a gargoyle
  3399 | D:11     | Noticed a hill giant
  3421 | D:11     | Killed a hill giant
  3421 | D:11     | Reached *** piety under Dithmenos
  3428 | D:11     | Killed a gargoyle
  3456 | Orc:1    | Entered Level 1 of the Orcish Mines
  3456 | Orc:1    | Noticed Maurice
  3580 | Orc:1    | Killed Maurice
  3580 | Orc:1    | Reached skill level 1 in Fighting
  3682 | Orc:2    | Entered Level 2 of the Orcish Mines
  3686 | Orc:2    | Noticed an orc sorcerer
  3691 | Orc:2    | Noticed a rust devil
  3711 | Orc:2    | Noticed an orc knight
  3712 | Orc:2    | (
  3728 | Orc:2    | Killed an orc knight
  3728 | Orc:2    | Reached skill level 15 in Unarmed Combat
  3921 | Orc:2    | Found Akli's Antique Armour Shoppe.
  3927 | Orc:2    | Found a staircase to the Elven Halls.
  3929 | Orc:2    | shope
  3961 | Orc:2    | Noticed an orc sorcerer
  3971 | Orc:2    | Noticed an orc warlord
  3971 | Orc:2    | Paralysed by an orc sorcerer for 2 turns
  3992 | Orc:2    | Noticed an orange demon
  4145 | Orc:2    | Noticed an ettin
  4272 | Orc:1    | Annihilated by an ettin

Vault maps used:
D:1:      evilmike_arrival_crescent
D:2:      nicolae_ru_path_of_blood, st_stairs_7, fedhas_altar_2, uniq_iyjb
D:3:      yredelemnul_altar_generic
D:4:      first_bread
D:5:      lemuel_crystal_altar, uniq_blork_the_orc, uniq_eustachio
D:6:      grunt_temple_overflow_lords_of_destruction,
          grunt_temple_overflow_open, uniq_sigmund, uniq_duvessa,
          uniq_prince_ribbit1, uniq_grinder
D:7:      grunt_temple_overflow_bloody_war, serial_shops,
          nicolae_shop_window_shopping
D:8:      nicolae_overflow_hidden_temple, kennysheep_mini,
          due_lair_maze_entry_diamond, uniq_joseph
D:9:      elyvilon_altar_5, basic_altar
D:10:     uniq_erolcha, uniq_snorg
D:11:     orc_0_dummy
D:12:     enter_trove_6, grunt_livestock, xom_teletrap_fun
Temple:   jpeg_temple_island
Orc:1:    uniq_maurice
Orc:2:    grunt_orc_tribal_feast, serial_shops, nicolae_shop_trees,
          statue_in_the_mist_lemuel

Skill      XL: |  1  2  3  4  5  6  7  8  9 10 |
---------------+-------------------------------+-----
Unarmed Combat | 1 3 5 6 7 9 11 14 15 | 15.1
Fighting       | 3 |  3.7
Dodging        | |  1.5
Stealth        | |  1.1
Spellcasting   | |  1.2
Conjurations   | |  0.6
Air Magic      | |  2.0

Action                   |  1- 3 |  4- 6 |  7- 9 | 10-12 || total
-------------------------+-------+-------+-------+-------++-------
Melee: Unarmed           |    81 |    91 |   305 |   108 ||   585
       Punch             |       |       |     3 |     5 ||     8
Throw: Tomahawk          |       |    14 |     1 |     9 ||    24
 Cast: Repel Missiles    |       |     1 |     2 |     2 ||     5
Evoke: Wand              |       |     1 |     1 |    12 ||    14
  Use: Potion            |       |     5 |     3 |     7 ||    15
       Scroll            |       |     4 |     9 |     3 ||    16
 Stab: Sleeping          |       |       |     1 |     1 ||     2
  Eat: Pizza             |       |     1 |       |       ||     1
       Beef jerky        |       |     1 |       |       ||     1
       Chunk             |       |    13 |    24 |     8 ||    45
Armor: Robe              |    26 |    18 |   104 |    13 ||   161
       Skin              |       |       |    30 |     2 ||    32
Dodge: Dodged            |    34 |    31 |   173 |    43 ||   281
       Deflected         |       |       |     4 |     2 ||     6
